 Dungeon Crawl Stone Soup version 0.27-a0-765-ge4d627daa3 (webtiles) character file.

Game seed: 15088100360787073161

14 Zeld the Insei (level 2, 0/22 HPs)
             Began as a Merfolk Transmuter on Mar 24, 2021.
             Slain by a goblin
             ... wielding a +0 club
              (5 damage)
             ... on level 2 of the Dungeon.
             The game lasted 00:01:13 (528 turns).

Zeld the Insei (Merfolk Transmuter)                  Turns: 528, Time: 00:01:14

Health: 0/22       AC:  2    Str: 10    XL:     2   Next: 45%
Magic:  4/5        EV: 12    Int: 12    God:
Gold:   9          SH:  0    Dex: 14    Spells: 2/5 levels left

rFire    . . .     SeeInvis .     - Unarmed
rCold    . . .     Faith    .   (no shield)
rNeg     . . .     Spirit   .   a - +0 robe
rPois    .         Reflect  .   (helmet currently unavailable)
rElec    .         Harm     .   (no cloak)
rCorr    .         Rampage  .   (no gloves)
Will     .....                  (boots currently unavailable)
Stlth    +.........             (no amulet)
HPRegen  0.07/turn              (no ring)
MPRegen  0.09/turn              (no ring)

@: appendages (expiring)
A: horns 2, (nimble swimmer 2), mertail
a: End Transformation


You were on level 2 of the Dungeon.
You had temporarily grown beastly horns.
You visited 1 branch of the dungeon, and saw 2 of its levels.

You collected 9 gold pieces.

Inventory:

Armour
 a - a +0 robe (worn)
Potions
 b - a potion of curing {unknown}


   Skills:
 * Level 1.7 Fighting
 - Level 2.6 Dodging
 - Level 3.2 Unarmed Combat
 * Level 2.2 Spellcasting
 * Level 3.2 Transmutations


You had 2 spell levels left.
You knew the following spells:

 Your Spells              Type           Power      Damage    Failure   Level
a - Beastly Appendage     Tmut           18%        N/A       7%          1
b - Wereblood             Tmut           9%         N/A       11%         2

Your spell library contained the following spells:

 Spells                   Type           Power      Damage    Failure   Level
 Animate Skeleton         Necr           2%         N/A       26%         1
 Apportation              Tloc           2%         N/A       26%         1
 Corona                   Hex            1%         N/A       26%         1
 Summon Small Mammal      Summ           4%         N/A       26%         1
 Spider Form              Tmut/Pois      2%         N/A       38%         3
 Ice Form                 Ice/Tmut       5%         N/A       80%         4
 Blade Hands              Tmut           4%         N/A       89%         5


Dungeon Overview and Level Annotations

Branches:
Dungeon (2/15)

Altars:


Innate Abilities, Weirdness & Mutations

You have temporarily grown beastly horns.
((You are quick and stealthy while swimming. (Stealth+, EV+, Speed+++)))
Your lower body shifts to a powerful aquatic tail in water.


Message History

A goblin comes into view. It is wielding a +0 club.
The goblin shouts!
You hit the jackal.
The jackal is almost dead.
The jackal bites you but does no damage.
The kobold barely misses you.
You barely miss the jackal.
The jackal is almost dead.
The jackal bites you. The kobold hits you with a +0 dagger.
The kobold barely misses you. The jackal closely misses you.
You hit the jackal.
You kill the jackal!
The kobold misses you. The kobold hits you but does no damage.
Your magical contamination has completely faded away.
You hit the kobold. You headbutt the kobold.
You kill the kobold!
Your transformation is almost over.
An endoplasm comes into view.
The kobold barely misses you.
The endoplasm quivers.
You hit the kobold.
You kill the kobold!
The goblin hits you with a +0 club.
You hit the goblin.
The goblin is severely wounded.
The goblin hits you with a +0 club.
You are too injured to fight recklessly!
You are too injured to fight recklessly!
You are too injured to fight recklessly!
You are too injured to fight recklessly!
You hit the goblin but do no damage.
The goblin is severely wounded.
The goblin hits you with a +0 club.
* * * LOW HITPOINT WARNING * * *
You closely miss the goblin. Your headbutt misses the goblin.
The goblin is severely wounded.
You closely miss the goblin.
The goblin is severely wounded.
The goblin hits you with a +0 club.
You die...

#. .# # .. .. #
#.##. .#.#
#.#..#.#.
#....... #
##......#.#.#.
##.....†)......
.......@)[J....
##......g#.#.#.
##.....##
#!...## #....
#.### #. #


You could see an endoplasm and a goblin.

Vanquished Creatures
  A ball python (D:1)
  A giant cockroach (D:1)
  A hobgoblin (D:1)
  A jackal (D:2)
  3 kobolds
  3 quokkas (D:1)
  3 rats (D:1)
13 creatures vanquished.

Notes
Turn   | Place    | Note
-------+----------+-------------------------------------------
     0 | D:1      | Zeld the Merfolk Transmuter began the quest for the Orb.
     0 | D:1      | Reached XP level 1. HP: 15/15 MP: 3/3
   176 | D:1      | Reached XP level 2. HP: 10/21 MP: 5/5
   179 | D:1      | Learned a level 2 spell: Wereblood
   528 | D:2      | Slain by a goblin

Illustrated notes

Levels and vault maps discovered:
D:1:      heliophobic_arrival_henge, layout_basic,
          chequers_serial_rivers_small_b, minmay_pentomino_x2
D:2:      layout_loops_ring, makhleb_blood_cavern_becter,
          chequers_ecumenical_altar_grove

Skill      XL: |  1 |
---------------+----+-----
Transmutations | 3 |  3.2
Fighting       | |  1.7
Dodging        | |  2.6
Unarmed Combat | |  3.2
Spellcasting   | |  2.2

Action                   || total
-------------------------++-------
Melee: Unarmed           ||    58
       Headbutt          ||     3
 Cast: Beastly Appendage ||     7
Armor: Robe              ||    15
Dodge: Dodged            ||    36

Table legend: (Time is in decaauts)
 A = Elapsed time spent in this place.
 B = Non-inter-level travel time spent in this place.
 C = Inter-level travel time spent in this place.
 D = Time resting spent in this place.
 E = Time spent auto-exploring this place.
 F = Levels seen in this place.
 G = Mean time per level.
                   A        B        C        D        E       F      G
               +--------+--------+--------+--------+--------+-----+--------+
         Total |    524 |    524 |      0 |      0 |    417 |   2 |  262.0 |
       Dungeon |    524 |    524 |      0 |      0 |    417 |   2 |  262.0 |
               +--------+--------+--------+--------+--------+-----+--------+

Top non-repeatable levels by time:
     D:1: 510 daAuts
     D:2: 13 daAuts
